Unix NetHack Version 5.0.0-0 post-release - last build May 31 2026 23:59:36 (970b52f25bf058293b47ddfd14a1e40e571c508c,branch:main).

Game began 2026-06-01 11:04:59, ended 2026-06-01 11:39:55.

FutureTim, lawful female human Valkyrie

                                                      -------            -----
                                       ------        #-.....|            |{..|
                                      #.....|        #|.....|            |...|
                                    ###|....|        #|.....-#           |...|
                   ------           #  |....|        #|....^|#          #....|
                  #-....|           #  -.----        #-----|-#          #|>..|
                  #|.....           #   ####         ###   ###          #-----
                 ##|....| #        ##      ####        #    #           #
                 # |.....#################### ######## #    #           #
                 # ----.-###  -----#   # ---.--------|-#    #           #
                ##       #####|...|#   # |........<...|#  ###           #
  -------       #            #....|#   ##.............|#  #-------------#
  |{....|########             |..d.      |.............#  #|...........|#
  |......#                    -----      --------------   #|............#
  |.....|                                                 #............|
  |....@|                                                  -------------
  |..$..|
  -------

FutureTim the Skirmisher    St:18/01 Dx:12 Co:18 In:8 Wi:8 Ch:10  Lawful
Dlvl:3  $:35 HP:28(28) Pw:8(8) AC:10 Xp:3 T:1134 

Latest messages:
 Your leg feels better.
 What do you want to drop? [$a-eg-k or ?*] s
 You don't have that object.
 What do you want to drop? [$a-eg-k or ?*] <enter>
 Never mind.
 You find a hidden door.
 The door opens.
 You see here 11 gold pieces.
 $ - 11 gold pieces (35 in total).
 Click!  You trigger a rolling boulder trap!
 Fortunately for you, no boulder was released.
 You find a hidden door.
 You find a hidden door.
 The door opens.
 You find a hidden passage.
 The gecko bites!
 You kill the gecko!
 You hear the footsteps of a guard on patrol.
 You see here a slime mold.
 l - a slime mold.
 The door opens.
 The door opens.
 You find a hidden passage.
 You miss the floating eye.
 You miss the floating eye.
 You hit the floating eye!
 You are frozen by the floating eye's gaze!
 You hear someone counting gold coins.
 You hear the splashing of a naiad.
 You can move again.
 You miss the shrieker.
 You hit the shrieker!
 You hit the shrieker!
 You miss the shrieker.
 You kill the shrieker!
 You see here a shrieker corpse.
 There is a shrieker corpse here; eat it? [ynq] (n) y
 This shrieker corpse tastes okay.
 You finish eating the shrieker corpse.
 That door is closed.
 The door opens.
 You see here a scroll labeled KERNOD WEL.
 m - a scroll labeled KERNOD WEL.
 What do you want to read? [m or ?*] m
 As you read the scroll, it disappears.
 Your small shield glows black for a while.
 What do you want to ready? [$b or ?*] <enter>
 Never mind.
 Really quit without saving? [yn] (n) y
 Do you want your possessions identified? [ynq] (y) q

Inventory:
 Coins    ('$')
  $ - 35 gold pieces
 Weapons  (')')
  g - a +0 bow
  b - a +0 dagger (alternate weapon; not wielded)
  a - a +1 spear (weapon in left hand)
 Armor    ('[')
  c - a cursed -1 small shield (being worn)
 Comestibles  ('%')
  l - an uncursed slime mold
  d - 2 uncursed food rations
  k - an uncursed lembas wafer
 Potions  ('!')
  i - a cursed potion of extra healing
 Rings    ('=')
  h - an uncursed ring of teleport control
 Tools    ('(')
  j - a can of grease (0:8)
  e - an uncursed oil lamp

FutureTim the Valkyrie's attributes:

Background:
 You were a Skirmisher, a level 3 human Valkyrie.
 You were lawful, on a mission for Tyr
 who was opposed by Odin (neutral) and Loki (chaotic).
 You were left-handed.
 You were in the Dungeons of Doom, on level 3.
 You entered the dungeon 1134 turns ago.
 There was a full moon in effect when your adventure ended.
 You had 72 experience points, 8 more were needed to attain level 4.

Basics:
 You had all 28 hit points.
 You had all 8 energy points (spell power).
 Your armor class was 10.
 Your wallet contained 35 zorkmids.
 Autopickup was off.

Final Characteristics:
 Your strength was 18/01 (limit:18/100).
 Your dexterity was 12 (limit:18).
 Your constitution was 18 (limit:18).
 Your intelligence was 8 (limit:18).
 Your wisdom was 8 (limit:18).
 Your charisma was 10 (limit:18).

Final Status:
 You weren't hungry.
 You were unencumbered.
 You were wielding a spear.
 You had basic skill with spear.

Final Attributes:
 You were devoutly aligned.
 You were cold resistant.
 You were stealthy.
 You were lucky.
 You survived.

Miscellaneous:
 You encountered 1 bones level.
 Total elapsed playing time was 34 minutes and 55 seconds.

Major events:
 Turn
    1: FutureTim the lawful human Valkyrie entered the dungeon
  483: entered the Gnomish Mines
  520: attained the rank of Skirmisher (level 3)
 1134: quit

You didn't know any spells.

Skills:
 Fighting Skills
   bare handed combat [Unskilled]
   two weapon combat  [Unskilled]
   riding             [Unskilled]
 Weapon Skills
   dagger             [Basic]
   axe                [Unskilled]
   pick-axe           [Unskilled]
   short sword        [Unskilled]
   broadsword         [Unskilled]
   long sword         [Unskilled]
   two-handed sword   [Unskilled]
   saber              [Unskilled]
   hammer             [Unskilled]
   quarterstaff       [Unskilled]
   polearms           [Unskilled]
   spear              [Basic]
   trident            [Unskilled]
   lance              [Unskilled]
   sling              [Unskilled]
 Spellcasting Skills
   attack spells      [Unskilled]
   escape spells      [Unskilled]

Voluntary challenges:
 Character rerolling was not enabled.
 You never genocided any monsters.
 You never polymorphed an object.
 You never changed form.
 You used no wishes.
Achievements:
 You entered the Gnomish Mines.
 You attained the rank of Skirmisher.

 The Dungeons of Doom: levels 1 to 3
    Level 1:
       A fountain, a sink.
    Level 2:
       A fountain, a sink.
       Stairs down to The Gnomish Mines.
    Level 3: <- You were here.
       Some fountains.
 The Gnomish Mines:
    Level 3:
       A grave.
       Final resting place for
          kodon-Wiz-Elf-Mal-Cha, killed by a dwarf.


Vanquished creatures:
  a shrieker
  a gnome leader
  a little dog
 an orc zombie
  3 gnomes
  a gecko
  3 jackals
  2 goblins
  2 sewer rats
  a grid bug
  a lichen
  2 newts
19 creatures vanquished.

No species were genocided or became extinct.

Farvel FutureTim the Valkyrie...

You quit in The Dungeons of Doom on dungeon level 3 with 443 points,
and 35 pieces of gold, after 1134 moves.
You were level 3 with a maximum of 28 hit points when you quit.

